 Dungeon Crawl Stone Soup version 0.19-a0-1714-gcab94ab (webtiles) character file.

177 Vasilisck the Sneak (level 5, 0/40 HPs)
             Began as an Octopode Monk on Sept 28, 2016.
             Slain by a worker ant (7 damage)
             ... on level 3 of the Dungeon.
             The game lasted 00:03:33 (1941 turns).

Vasilisck the Sneak (Octopode Monk)                 Turns: 1941, Time: 00:03:34

Health: 0/40       AC:  2    Str: 10    XL:     5   Next: 57%
Magic:  5/5        EV: 15    Int: 12    God:
Gold:   143        SH:  0    Dex: 16    Spells: 0 memorised, 4 levels left

rFire  . . .     SeeInvis .       - Unarmed
rCold  . . .     Gourm    .     (no shield)
rNeg   . . .     Faith    .     (helmet restricted)
rPois  .         Spirit   .     (no amulet)
rElec  .         Dismiss  .     (no ring)
rCorr  .         Reflect  .     (no ring)
MR     .....     Harm     .     (no ring)
Stlth  ++++...... Clarity  +    (no ring)
                                (no ring)
                                (no ring)
                                (no ring)
                                (no ring)

@: lethally poisoned (0 -> -12)
A: almost no armour, stealthy swim, amphibious, 8 rings, constrict 8, camouflage
1, clarity, deterioration 1, robust 1, gelatinous body 1
a: no special abilities


You were on level 3 of the Dungeon.
You were very hungry.

You visited 1 branch of the dungeon, and saw 3 of its levels.

You collected 143 gold pieces.

Inventory:

Scrolls
 b - 2 scrolls of identify
 c - a scroll of teleportation {unknown}
 f - a scroll of remove curse
Potions
 d - 2 potions of cure mutation
 e - a potion of berserk rage
 i - a potion of curing {unknown}
Comestibles
 a - 4 bread rations
 h - a beef jerky
 j - a royal jelly


   Skills:
 + Level 3.9 Fighting
 + Level 3.8 Dodging
 + Level 4.9 Stealth
 + Level 3.9 Unarmed Combat


You had 4 spell levels left.
You didn't know any spells.

Dungeon Overview and Level Annotations

Branches:
Dungeon (3/15)

Altars:
Gozag
Nemelex Xobeh
Uskayaw


Innate Abilities, Weirdness & Mutations

You cannot wear most types of armour.
You are very stealthy in the water.
You are amphibious.
You can wear up to eight rings at the same time.
You can use your tentacles to constrict eight enemies at once.
Your skin changes colour to match your surroundings (Stealth+).
Your rubbery body absorbs attacks. (AC +1, EV +1)
You possess an exceptional clarity of mind.
Your body sometimes deteriorates upon taking damage.
You are robust. (+10% HP)


Message History

You kill the ball python!
You feel sick.
You tentacle-slap the worker ant but do no damage.
Your grab misses the worker ant. You squeeze the worker ant.
The worker ant is heavily wounded.
The worker ant misses you.
You tentacle-slap the worker ant but do no damage.
You grab the worker ant.
The worker ant is heavily wounded.
You constrict the worker ant, but do no damage.
You feel sick. The worker ant bites you.
* * * LOW HITPOINT WARNING * * *
You are lethally poisoned!
The worker ant poisons you!
It was a potion of mutation.
You feel extremely strange.
You feel yourself wasting away.
You feel robust.
Your thoughts seem clearer.
You constrict the worker ant.
* * * LOW HITPOINT WARNING * * *
You feel sick. The worker ant misses you. The worker ant bites you!
You die...

######.###### #+
#####........## .#
##.##.#.#.......#.#
.#.##!..##.#)......#.##
$.................#.####
.................#.###.##
................#.## #...
...............#.## #.##
#..#)#@.# ..#.########
#.)a######.#......#
#..#.#..#...#.#######
..8.......8....#.##
................#.## ####
.8.........8.....#.###..#
..................#.###.#
..8.......8........#.#..#
....................#....


You could see a worker ant.

Vanquished Creatures
  An orc wizard (D:3)
  Jessica (D:2)
  4 adders
  An ooze (D:2)
  A dart slug (D:2)
  3 leopard geckos
  4 orcs (D:3)
  11 bats
  7 giant cockroaches
  10 goblins
  9 hobgoblins
  4 jackals (D:3)
  5 kobolds
  A ball python (D:3)
  2 frilled lizards
  3 rats
67 creatures vanquished.

Notes
Turn   | Place    | Note
-------+----------+-------------------------------------------
     0 | D:1      | Vasilisck the Octopode Monk began the quest for the Orb.
     0 | D:1      | Reached XP level 1. HP: 16/16 MP: 1/1
   202 | D:1      | Reached skill level 3 in Stealth
   205 | D:1      | Reached XP level 2. HP: 16/21 MP: 2/2
   654 | D:2      | Reached XP level 3. HP: 23/26 MP: 3/3
   913 | D:2      | Found a sparkling altar of Nemelex Xobeh.
   915 | D:2      | Noticed Jessica
   926 | D:2      | Killed Jessica
   926 | D:2      | Reached XP level 4. HP: 28/31 MP: 4/4
   965 | D:2      | Reached skill level 4 in Stealth
  1535 | D:3      | Found a hide-covered altar of Uskayaw.
  1538 | D:3      | Noticed a hand axe
  1538 | D:3      | Noticed a hand axe
  1553 | D:3      | Reached XP level 5. HP: 25/37 MP: 5/5
  1605 | D:3      | Found an opulent altar of Gozag.
  1941 | D:3      | Gained mutation: Your body sometimes deteriorates upon taking damage. [potion of mutation]
  1941 | D:3      | Gained mutation: You are robust. (+10% HP) [potion of mutation]
  1941 | D:3      | Gained mutation: You possess an exceptional clarity of mind. [potion of mutation]
  1941 | D:3      | Slain by a worker ant

Vault maps used:
D:1:      lemuel_arrival_lava_pool
D:2:      lemuel_crystal_altar, first_bread, uniq_jessica
D:3:      wad_pebble_path, nicolae_gozag_seed_capital, dancing_weapons_uskayaw,
          hex_medium

Skill      XL: |  1  2  3  4 |
---------------+-------------+-----
Stealth        | 3 4 |  4.9
Fighting       | |  3.9
Dodging        | |  3.8
Unarmed Combat | |  3.9

Action                   |  1- 3 |  4- 6 || total
-------------------------+-------+-------++-------
Melee: Unarmed           |    58 |    77 ||   135
       Constrict         |    18 |    24 ||    42
       Tentacles         |    14 |    16 ||    30
       Punch             |     1 |     3 ||     4
  Use: Scroll            |     5 |     3 ||     8
       Potion            |       |     1 ||     1
 Stab: Sleeping          |     6 |     8 ||    14
  Eat: Chunk             |       |     2 ||     2
Armor: Skin              |     7 |     4 ||    11
Dodge: Dodged            |    29 |    63 ||    92
